 Dungeon Crawl Stone Soup version 0.23.2-1-ga50397a (webtiles) character file.

Game seed: 15460780001829491968

459 smcx the Magician (level 6, -12/32 HPs)
             Began as a Deep Elf Fire Elementalist on May 31, 2019.
             Killed by nerve-wracking pain
             ... invoked by Grinder
              (14 damage)
             ... on level 4 of the Dungeon.
             The game lasted 00:14:39 (3461 turns).

smcx the Magician (Deep Elf Fire Elementalist)      Turns: 3461, Time: 00:14:40

Health: -12/32     AC:  5    Str:  5    XL:     6   Next: 78%
Magic:  2/15       EV: 14    Int: 22    God:
Gold:   157        SH:  0    Dex: 15    Spells: 0/15 levels left

rFire    . . .     SeeInvis .   l - +2 whip (elec)
rCold    . . .     Gourm    .   (no shield)
rNeg     . . .     Faith    .   a - +0 robe
rPois    .         Spirit   .   (no helmet)
rElec    .         Reflect  .   (no cloak)
rCorr    .         Harm     .   q - +2 pair of gloves
MR       .....                  (no boots)
Stlth    +++.......             (no amulet)
HPRegen  0.10/turn              m - ring of stealth
MPRegen  0.14/turn              (no ring)

@: very slightly contaminated
A: no striking features
a: no special abilities


You were on level 4 of the Dungeon.
You were not hungry.

You visited 1 branch of the dungeon, and saw 5 of its levels.

You collected 157 gold pieces.

Inventory:

Hand Weapons
 l - a +2 whip of electrocution (weapon)
Missiles
 o - 5 javelins (quivered)
 s - 23 sling bullets
Armour
 a - a +0 robe (worn)
 q - a +2 pair of gloves (worn)
 v - a +0 pair of gloves
Jewellery
 m - a ring of stealth (left hand)
Wands
 u - a wand of paralysis (8)
Scrolls
 d - a scroll of teleportation {unknown}
 f - a scroll of remove curse {unknown}
 g - 5 scrolls of identify {unknown}
 n - a scroll of blinking {unknown}
 r - a scroll of enchant armour {unknown}
Potions
 b - a potion of berserk rage
 e - 2 potions of degeneration {unknown}
 h - a potion of invisibility {unknown}
 i - 2 potions of agility {unknown}
 k - 2 potions of curing
 p - a potion of cancellation {unknown}
 t - a potion of brilliance {unknown}
Comestibles
 c - 3 rations


   Skills:
 + Level 1.8 Maces & Flails
 + Level 4.4 Dodging
 - Level 2.9 Stealth
 + Level 5.1 Spellcasting
 + Level 3.4 Conjurations
 + Level 4.8 Fire Magic


You couldn't memorise any spells.
You knew the following spells:

 Your Spells              Type           Power        Failure   Level  Hunger
a - Flame Tongue          Conj/Fire      ###..        1%          1    None
b - Throw Flame           Conj/Fire      ###...       2%          2    None
c - Conjure Flame         Conj/Fire      ###.....     5%          3    ##.....
d - Sticky Flame          Conj/Fire      ###.....     19%         4    ####...
e - Fireball              Conj/Fire      ###.......   45%         5    #####..

Your spell library contained the following spells:

 Spells                   Type           Power        Failure   Level  Hunger
 Inner Flame              Hex/Fire       ###.....     11%         3    ##.....


Dungeon Overview and Level Annotations

Branches:
Dungeon (5/15)
 Temple: D:4-7

Altars:
Hepliaklqana
Sif Muna

Annotations:
D:4 Grinder


Message History

Grinder says, "I used to sell toenails on the black market."
Grinder gestures at you.
You suddenly lose the ability to move!
Grinder blinks!
Grinder hits you.
You writhe in agony.
You can move again.
Casting: Flame Tongue (safe; 1% risk of failure)
Confirm with . or Enter, or press ? or * to list all spells.
Aiming: Flame Tongue (safe; 1% risk of failure)
Press: ? - help, Shift-Dir - straight line, f/p - Grinder
Aim: Grinder (severely wounded)
The flame tongue hits Grinder!
Grinder is almost dead.
Grinder hits you.
You writhe in agony.
* * * LOW HITPOINT WARNING * * *
You feel better. Grinder hits you!
* * * LOW HITPOINT WARNING * * *
Grinder gestures at you. Pain shoots through your body!
You die...

.##.#........#.......#
.......<.....####.####
#.#######.#....####.#
#.# #.##.........# #.#
####.#.#..###### #.#
#.......#.# ##.##
#.####..#.#
#####...###.####..#.#
..........5.@.......#
####...###.####..##....
#..## #.......# .###
#.## ######.## . #.#
#.## #.# #...# # #.##
#...# .## #..##
#...##...
#####...#######........


You could see Grinder.

Vanquished Creatures
  A hungry ghost (D:4)
  A phantom (D:3)
  A crimson imp (D:2)
  An orc priest (D:4)
  An orc wizard (D:4)
  2 worker ants
  2 adders
  3 worms (D:2)
  A dart slug (D:1)
  2 leopard geckos (D:1)
  5 orcs (D:4)
  3 giant cockroaches
  10 goblins
  7 hobgoblins
  10 jackals
  4 bats
  6 frilled lizards
  8 kobolds
  8 rats
76 creatures vanquished.

Notes
Turn   | Place    | Note
-------+----------+-------------------------------------------
     0 | D:1      | smcx the Deep Elf Fire Elementalist began the quest for the
                  | Orb.
     0 | D:1      | Reached XP level 1. HP: 10/10 MP: 6/6
   236 | D:1      | Reached XP level 2. HP: 15/15 MP: 4/8
   240 | D:1      | Learned a level 2 spell: Throw Flame
   904 | D:1      | Reached XP level 3. HP: 19/19 MP: 7/9
  1086 | D:2      | Found a deep blue altar of Sif Muna.
  1088 | D:2      | Found a hazy altar of Hepliaklqana.
  1224 | D:2      | Learned a level 3 spell: Conjure Flame
  1254 | D:2      | Reached XP level 4. HP: 22/24 MP: 9/11
  1888 | D:3      | Reached skill level 4 in Spellcasting
  2079 | D:3      | Reached skill level 1 in Maces & Flails
  2210 | D:3      | Noticed a phantom
  2220 | D:3      | Killed a phantom
  2220 | D:3      | Reached XP level 5. HP: 14/28 MP: 7/13
  2889 | D:4      | Noticed a hungry ghost
  2910 | D:4      | Killed a hungry ghost
  2910 | D:4      | Reached XP level 6. HP: 30/32 MP: 6/15
  2983 | D:4      | Noticed Grinder
  2989 | D:4      | Paralysed by Grinder for 7 turns
  3021 | D:5      | Entered Level 5 of the Dungeon
  3048 | D:3      | Reached skill level 5 in Spellcasting
  3288 | D:4      | Learned a level 4 spell: Sticky Flame
  3294 | D:4      | Learned a level 5 spell: Fireball
  3403 | D:4      | Paralysed by Grinder for 7 turns
  3451 | D:4      | Paralysed by Grinder for 3 turns
  3461 | D:4      | Killed from afar by Grinder

Skill      XL: |  1  2  3  4  5  6 |
---------------+-------------------+-----
Dodging        | 3 4 |  4.4
Conjurations   | 2 3 |  3.4
Spellcasting   | 4 5 |  5.1
Fire Magic     | 4 |  4.8
Maces & Flails | 1 |  1.8
Stealth        | |  2.9

Action                   |  1- 3 |  4- 6 || total
-------------------------+-------+-------++-------
Melee: Unarmed           |     3 |       ||     3
       Whip              |    15 |     3 ||    18
 Cast: Flame Tongue      |    43 |    84 ||   127
       Throw Flame       |     8 |    12 ||    20
       Fireball          |       |     1 ||     1
       Conjure Flame     |       |     1 ||     1
  Use: Potion            |       |     3 ||     3
  Eat: Chunk             |     1 |     7 ||     8
       Ration            |       |     1 ||     1
Armor: Robe              |     7 |    14 ||    21
Dodge: Dodged            |    14 |    36 ||    50
